 Dungeon Crawl Stone Soup version 0.25-a0-659-gdb1d69e (webtiles) character file.

Game seed: 18282367753309924379, levelgen mode: deterministic

88 Creed the Poker (level 4, -10/35 HPs)
             Began as a Demonspawn Fighter on Mar 22, 2020.
             Killed by divine providence
             ... invoked by an orc priest
              (15 damage)
             ... on level 3 of the Dungeon.
             The game lasted 00:02:22 (1925 turns).

Creed the Poker (Demonspawn Fighter)                Turns: 1925, Time: 00:02:22

Health: -10/35     AC: 13    Str: 17    XL:     4   Next: 29%
Magic:  4/4        EV:  2    Int:  9    God:
Gold:   230        SH:  8    Dex: 13    Spells: 3/3 levels left

rFire    . . .     SeeInvis .   a - +0 trident
rCold    . . .     Gourm    .   c - +0 kite shield
rNeg     + . .     Faith    .   h - +0 plate armour
rPois    .         Spirit   .   (helmet restricted)
rElec    .         Reflect  .   (no cloak)
rCorr    .         Harm     .   (no gloves)
MR       .....                  (no boots)
Stlth    ..........             (no amulet)
HPRegen  0.11/turn              i - ring of positive energy
MPRegen  0.09/turn              (no ring)

@: no status effects
A: horns 1, icy blue scales 1
a: no special abilities


You were on level 3 of the Dungeon.
You were hungry.

You visited 1 branch of the dungeon, and saw 3 of its levels.

You collected 230 gold pieces.

Inventory:

Hand Weapons
 a - a +0 trident (weapon)
Armour
 b - a +0 scale mail
 c - a +0 kite shield (worn)
 h - a +0 plate armour (worn)
Jewellery
 i - a ring of positive energy (left hand)
 p - an uncursed ring of ice {unknown}
 u - an uncursed ring of magical power {unknown}
Scrolls
 j - 2 scrolls of identify {unknown}
 k - a scroll of remove curse {unknown}
 l - a scroll of magic mapping {unknown}
 o - a scroll of blinking {unknown}
 q - a scroll of amnesia {unknown}
 v - 2 scrolls of teleportation {unknown}
 w - a scroll of fog {unknown}
Potions
 d - a potion of might
 e - 2 potions of curing {unknown}
 m - a potion of lignification {unknown}
 n - a potion of berserk rage {unknown}
 r - a potion of flight {unknown}
 s - a potion of cancellation {unknown}
 t - a potion of stabbing {unknown}
Comestibles
 f - 3 rations
 g - 5 chunks of flesh


   Skills:
 - Level 3.0 Fighting
 + Level 4.2 Polearms
 - Level 2.6 Armour
 - Level 2.6 Shields


You had 3 spell levels left.
You didn't know any spells.
Your spell library contained the following spells:

 Spells                   Type           Power        Failure   Level  Hunger
 Beastly Appendage        Tmut           #.....       100%        1    ##.....
 Sticks to Snakes         Tmut           #.......     100%        2    ###....
 Spider Form              Tmut/Pois      #.........   100%        3    ####...
 Ice Form                 Ice/Tmut       #.......     100%        4    #####..
 Blade Hands              Tmut           #.........   100%        5    ######.


Dungeon Overview and Level Annotations

Branches:
Dungeon (3/15)

Altars:
Vehumet


Innate Abilities, Weirdness & Mutations

You have a pair of small horns on your head.
You are partially covered in icy blue scales. (AC +2)


Message History

You reach to attack!
You hit the orc priest.
The orc priest is moderately wounded.
The bat hits you but does no damage. x2; The orc barely misses you.
The orc hits you but does no damage.
Attack whom?
Press: ? - help, Dir - move target cursor, f/p - orc priest
Aim: an orc priest, wearing a +0 chain mail (moderately wounded)
You reach to attack!
You hit the orc priest but do no damage.
The orc priest is moderately wounded.
The bat hits you but does no damage. You block the bat's attack.
The orc hits you but does no damage. x2; The bat hits you but does no damage.
Attack whom?
Press: ? - help, Dir - move target cursor, f/p - orc priest
Aim: an orc priest, wearing a +0 chain mail (moderately wounded)
The bat is in the way.
You hit the bat.
You kill the bat!
The orc priest calls down the wrath of Beogh upon you.
Beogh smites you!
You die...

#.# # #.# #.#
##.#####.#
.........#
##.#####.# #.#
##.# #.# #..#
#o####.##
#@o.##.#
.....o†##.##.#
######o #.##.#
.>.oh #.##.#
#...g #.##.#
#.?...#.##.#
....$..†##.#
............#
.......#####


You could see an orc priest, 4 orcs, a jackal and a hobgoblin.

Vanquished Creatures
  An adder (D:2)
  An ooze (D:2)
  2 dart slugs
  2 leopard geckos
  A ball python (D:1)
  11 bats
  A giant cockroach (D:1)
  11 goblins
  10 hobgoblins
  A jackal (D:3)
  7 kobolds
  5 quokkas (D:3)
  2 frilled lizards
  5 rats
60 creatures vanquished.

Notes
Turn   | Place    | Note
-------+----------+-------------------------------------------
     0 | D:1      | Creed the Demonspawn Fighter began the quest for the Orb.
     0 | D:1      | Reached XP level 1. HP: 18/18 MP: 1/1
    46 | D:1      | Reached skill level 2 in Polearms
   207 | D:1      | Gained mutation: You are partially covered in icy blue
                  | scales. (AC +2) [demonic ancestry]
   207 | D:1      | Reached XP level 2. HP: 24/24 MP: 2/2
   388 | D:1      | Reached skill level 3 in Polearms
   453 | D:1      | Gained mutation: You have a pair of small horns on your
                  | head. [demonic ancestry]
   453 | D:1      | Reached XP level 3. HP: 27/29 MP: 3/3
  1491 | D:2      | Reached XP level 4. HP: 35/35 MP: 4/4
  1507 | D:2      | Reached skill level 4 in Polearms
  1732 | D:3      | Found a radiant altar of Vehumet.
  1925 | D:3      | Killed from afar by an orc priest

Levels and vault maps discovered:
D:1:      dpeg_arrival_stone_temple_mockup, layout_basic, minmay_bisected
D:2:      layout_loops_ring, st_stairs_7
D:3:      layout_loops_ring, fiery_altar_vehumet, old_standard_altar

Skill      XL: |  1  2  3  4 |
---------------+-------------+-----
Polearms       | 2 3 4 |  4.2
Fighting       | |  3.0
Armour         | |  2.6
Shields        | |  2.6

Action                   |  1- 3 |  4- 6 || total
-------------------------+-------+-------++-------
Melee: Trident           |   117 |    76 ||   193
       Headbutt          |     7 |     8 ||    15
  Eat: Chunk             |     2 |     1 ||     3
Armor: Scale mail        |    24 |       ||    24
       Plate armour      |    32 |    56 ||    88
Dodge: Dodged            |    25 |     5 ||    30
Block: Kite shield       |    43 |    26 ||    69

Table legend:
 A = Non-vault XP
 B = Vault XP
 C = Vault XP percentage of total XP
 D = Non-vault monster count
 E = Vault monster count
 F = Vault count percentage of total count
                 A         B        C        D         E       F
            +---------+---------+-------+---------+---------+-------
      Total |     116 |      10 |   7.9 |      54 |       6 |  10.0
            +---------+---------+-------+---------+---------+-------
        D:1 |      45 |       8 |  15.1 |      24 |       5 |  17.2
        D:2 |      45 |       2 |   4.3 |      15 |       1 |   6.2
        D:3 |      26 |       0 |   0.0 |      15 |       0 |   0.0
            +---------+---------+-------+---------+---------+-------
